 Dungeon Crawl Stone Soup version 0.29-a0-352-g0917bc69df (webtiles) character file.

Game seed: 16380135322472699465

39 rockstonesolid the Sneak (level 3, -1/27 HPs)
             Began as an Octopode Delver on Apr 23, 2022.
             Slain by an orc
             ... wielding a +0 hand axe
              (6 damage)
             ... on level 6 of the Dungeon.
             The game lasted 00:00:33 (227 turns).

rockstonesolid the Sneak (Octopode Delver)           Turns: 227, Time: 00:00:33

Health: -1/27      AC:  1    Str: 11    XL:     3   Next: 47%
Magic:  3/3        EV: 13    Int: 12    God:
Gold:   0          SH:  0    Dex: 15    Spells: 2/2 levels left

rFire   . . .      SeeInvis .   a - +0 short sword
rCold   . . .      Faith    .   (no shield)
rNeg    . . .      Spirit   .   (helmet restricted)
rPois   .          Reflect  .   (no amulet)
rElec   .          Harm     .   (no ring)
rCorr   .          Rampage  .   (no ring)
Will    .....                   (no ring)
Stlth   ++++......              (no ring)
HPRegen 0.09/turn               (no ring)
MPRegen 0.08/turn               (no ring)
                                (no ring)
                                (no ring)

@: no status effects
A: almost no armour, amphibious, 8 rings, camouflage 1, gelatinous body 1,
(nimble swimmer 1), tentacles
a: no special abilities


You were on level 6 of the Dungeon.
You visited 1 branch of the dungeon, and saw 2 of its levels.

Inventory:

Hand Weapons
 a - a +0 short sword (weapon)
Wands
 f - a wand of digging (3) {@v3}
Scrolls
 b - a scroll of fog
 c - a scroll of magic mapping {@r5}
 d - a scroll of fear
Potions
 e - a potion of haste {@q4}
 g - a potion of heal wounds {unknown}


   Skills:
 * Level 4.4 Fighting
 - Level 2.0 Short Blades
 - Level 2.0 Dodging
 - Level 6.6 Stealth


You had 2 spell levels left.
You didn't know any spells.
Your spell library was empty.

Dungeon Overview and Level Annotations

Branches:
Dungeon (6/15)
 Temple: D:4-7

Altars:


Innate Abilities, Weirdness & Mutations

You cannot wear most types of armour.
You are amphibious.
You can wear up to eight rings at the same time.
Your skin changes colour to match your surroundings (Stealth+).
Your rubbery body absorbs attacks. (AC +1, EV +1)
((You are camouflaged when in or above water. (Stealth+)))
You have tentacles for arms and can constrict up to eight enemies at once.


Message History

Your experience leads to an increase in your attributes!
Increase (S)trength, (I)ntelligence, or (D)exterity?
You feel agile. x2
Things that are here:
a +0 hand axe; a +0 leather armour You start resting.
HP restored.
Found a blue potion.
g - a blue potion An adder comes into view.
The adder hisses angrily.
You hit the adder. You grab the adder. You squeeze the adder!
You kill the adder!
You see here an adder corpse.
An ogre comes into view. It is wielding a +0 giant spiked club.
Found a dagger.
An ice beast and a gnoll come into view.
The ogre shouts!
You see here an adder corpse.
There is a stone staircase leading down here.
You climb downwards.
The orc barely misses you. The orc misses you. The orc hits you with a +0 mace.
There is a stone staircase leading up, spattered with blood here.
The orc hits you with a +0 hand axe. The orc attacks as you move away!
The orc misses you. The orc attacks as you move away! The orc misses you.
The orc hits you with a +0 flail! The orc attacks as you move away!
The orc misses you.
You hit the orc. You grab the orc. You squeeze the orc. You constrict the orc.
You kill the orc!
You barely miss the orc. You grab the orc. You squeeze the orc.
You constrict the orc.
You kill the orc!
You closely miss the orc. Your grab misses the orc.
The orc hits you with a +0 hand axe.
You hit the orc. Your grab misses the orc. The orc hits you with a +0 hand axe.
* * * LOW HITPOINT WARNING * * *
You closely miss the orc. You grab the orc. You constrict the orc.
The orc hits you with a +0 hand axe.
You die...

.....## #.. ..#
#.....# .
#.....#####..
#...#..#.....
#......... #.....#
#@..# ##o#..# #..#
.## . ##.## .## ..
#..# ..# ...
##..####..#....
.#..............
..................
#..........<.......


You could see an orc.

Vanquished Creatures
  An orc priest (D:5)
  An adder (D:5)
  2 orcs (D:6)
4 creatures vanquished.

Notes
Turn   | Place    | Note
-------+----------+-------------------------------------------
     0 | D:5      | rockstonesolid the Octopode Delver began the quest for the
                  | Orb.
     0 | D:5      | Reached XP level 1. HP: 16/16 MP: 1/1
     1 | D:6      | Noticed an orc priest
     8 | D:5      | Killed an orc priest
     9 | D:5      | Reached XP level 2. HP: 10/22 MP: 2/2
     9 | D:5      | Reached XP level 3. HP: 12/27 MP: 3/3
   186 | D:5      | Noticed an ogre
   189 | D:5      | Noticed an ice beast
   227 | D:6      | Slain by an orc

Illustrated notes

Levels and vault maps discovered:
D:5:      layout_basic
D:6:      minmay_opposing_rooms, layout_layer_cave,
          minmay_temple_entry_large_hall

Skill      XL: |  1 |
---------------+----+-----
Fighting       | 4 |  4.4
Short Blades   | |  2.0
Dodging        | |  2.0
Stealth        | |  6.6

Action                   || total
-------------------------++-------
Melee: Short sword       ||    11
       Tentacles         ||     5
       Constrict         ||     5
Dodge: Dodged            ||     8

Table legend: (Time is in decaauts)
 A = Elapsed time spent in this place.
 B = Non-inter-level travel time spent in this place.
 C = Inter-level travel time spent in this place.
 D = Time resting spent in this place.
 E = Time spent auto-exploring this place.
 F = Levels seen in this place.
 G = Mean time per level.
                   A        B        C        D        E       F      G
               +--------+--------+--------+--------+--------+-----+--------+
         Total |    227 |    227 |      0 |    160 |      0 |   2 |  113.5 |
       Dungeon |    227 |    227 |      0 |    160 |      0 |   2 |  113.5 |
               +--------+--------+--------+--------+--------+-----+--------+

Top non-repeatable levels by time:
     D:5: 208 daAuts
     D:6: 19 daAuts
